Match 45877003
Unlisted

Match 45877003
End
Construct Section Command Post
Dingo Light Scout Car
Dingo Light Scout Car
Vickers Machine Gun Team
Vickers Machine Gun Team
Selects Air and Sea Battlegroup
Construct Platoon Command Post
Selects Supply Surplus
Construct Resource Cache
Construct Resource Cache
Humber Armored Car
Humber Armored Car
Construct Resource Cache
Selects UNKNOWN (223837)
Construct Resource Cache
Construct Company Command Post
Foot Guards Section
Foot Guards Section
Infantry Training
Selects Assault Flares
Foot Guards Section
Assault Flares
Foot Guards Section
Construct Field Infirmary
AI Takeover
Jm200092
不吃芹菜
Elbehiri
Shnezou
moemoe
CPU -- Easy
careful of the cold
LeVisir
0
0

Comments sign in to comment!

No comments posted yet!